 Dungeon Crawl Stone Soup version 0.32-a0-132-g2d33c3cfaf (webtiles) character file.

Game seed: 11075401907305490024

2 SmokeWeed the Sneak (level 1, 0/10 HPs)
             Began as a Vampire Enchanter on Feb 10, 2024.
             Slain by a goblin
             ... wielding a +0 club
              (4 damage)
             ... on level 1 of the Dungeon.
             The game lasted 00:01:16 (97 turns).

SmokeWeed the Sneak (Vampire Enchanter)               Turns: 97, Time: 00:01:16

Health: 0/10       AC:  2    Str:  7    XL:     1   Next: 25%
Magic:  3/3        EV: 13    Int: 17    God:
Gold:   0          SH:  0    Dex: 20    Spells: 4/4 levels left

rFire   . . .        a - +1 dagger
rCold   + + .        (no shield)
rNeg    + + +        b - +0 robe
rPois   ∞            (no helmet)
rElec   .            (no cloak)
rCorr   .            (no gloves)
SInv    +            (no boots)
Will    .....        (no amulet)
Stlth   +++++        d - +6 ring of dexterity
HPRegen 0.00/turn    (no ring)
MPRegen 0.08/turn

%: no passive effects
@: weak-willed, bloodless, inhibited regen
A: bloodless, fangs 3, see invisible, vampiric 1
a: Revivify


You were on level 1 of the Dungeon.
You visited 1 branch of the dungeon, and saw 1 of its levels.

Inventory:

Hand Weapons
 a - a +1 dagger (weapon)
Missiles
 f - 5 atropa-tipped darts (quivered)
Armour
 b - a +0 robe (worn)
Jewellery
 d - a +6 ring of dexterity (left hand)
Potions
 c - 2 potions of invisibility
 e - a potion of attraction
 g - a potion of curing {unknown}


   Skills:
 + Level 1.1 Short Blades
 + Level 2.2 Dodging
 + Level 4.5 Stealth
 + Level 2.0 Spellcasting
 + Level 4.4 Hexes


You had 4 spell levels left.
You didn't know any spells.
Your spell library contained the following spells:

 Spells                   Type           Power      Damage    Failure   Level
 Confusing Touch          Hex            17%        N/A       9%          3
 Tukima's Dance           Hex            17%        N/A       9%          3
 Ensorcelled Hibernation  Hex/Ice        18%        N/A       12%         2
 Dazzling Flash           Conj/Hex       18%        N/A       22%         3


Dungeon Overview and Level Annotations

Branches:
Dungeon (1/15)

Altars:


Innate Abilities, Weirdness & Mutations

You do not regenerate when monsters are visible.
You are frail without blood (-20% HP).
You can heal yourself when you bite living creatures.
You are immune to poison.
You have razor-sharp teeth.
You have supernaturally acute eyesight. (SInv)
You are afflicted with vampirism.


Message History

e - a potion of attraction
Found a scale mail.
A kobold comes into view. It is wielding a +0 dagger.
The kobold shouts!
The kobold throws a stone.
The stone hits you but does no damage.
You see here a bubbling grey potion.
g - a bubbling grey potion The kobold throws a stone.
The stone hits you.
A goblin comes into view. It is wielding a +0 club.
The kobold throws a stone.
The stone completely misses you.
The goblin shouts!
You hear a shout!
The kobold throws a stone.
The stone barely misses you.
A hobgoblin comes into view.
You aren't carrying any scrolls.
Throw: 6 darts (atropa)
Press: ? - help, Q - select action Shift-Dir - straight line, f - kobold
Aim: a kobold, wielding a +0 dagger and quivering stones (51% to hit, chance to blind on hit: 100%)
You throw an atropa-tipped dart. The atropa-tipped dart hits the kobold.
The kobold appears confused.
The hobgoblin shouts!
The kobold seems less confused.
The goblin attacks as it pursues you! The goblin hits you with a +0 club.
You begin bloodletting.
You continue bloodletting.
The kobold is no longer blind.
The goblin hits you but does no damage.
You continue bloodletting.
The goblin barely misses you.
You continue bloodletting.
The goblin hits you with a +0 club.
The hobgoblin hits you but does no damage.
You continue bloodletting.
The goblin hits you with a +0 club. The hobgoblin barely misses you.
The kobold closely misses you.
You continue bloodletting.
The goblin hits you with a +0 club. The hobgoblin misses you.
The kobold barely misses you.
You become bloodless.
You hit the goblin.
The goblin is severely wounded.
The goblin hits you with a +0 club.
You die...

.........#
#........+
#........#
#........#
#..(.....#
#........#
#?.......+
#.ggK...[#
#..@...###
#.....##
#.....#
##.....###
#........#
#........#
#........#
#........#
#........#


You could see a hobgoblin, a goblin and a kobold.

Vanquished Creatures
  An endoplasm (D:1)
  A kobold (D:1)
2 creatures vanquished.

Notes
Turn   | Place    | Note
-------+----------+-------------------------------------------
     0 | D:1      | SmokeWeed the Vampire Enchanter began the quest for the
                  | Orb.
     0 | D:1      | Reached XP level 1. HP: 13/13 MP: 3/3
    97 | D:1      | Slain by a goblin

Illustrated notes

Levels and vault maps discovered:
D:1:      saegor_arrival_simple_b, layout_basic

Action                     || total
---------------------------++-------
  Melee: Dagger            ||     7
         Bite              ||     1
  Throw: Dart              ||     1
Ability: Exsanguinate      ||     1
    Use: Scroll            ||     2
   Stab: Sleeping          ||     1
 Armour: Robe              ||    11
  Dodge: Dodged            ||    10

Table legend: (Time is in decaauts)
 A = Elapsed time spent in this place.
 B = Non-inter-level travel time spent in this place.
 C = Inter-level travel time spent in this place.
 D = Time resting spent in this place.
 E = Time spent auto-exploring this place.
 F = Levels seen in this place.
 G = Mean time per level.
                   A        B        C        D        E       F      G
               +--------+--------+--------+--------+--------+-----+--------+
         Total |     96 |     96 |      0 |      0 |     28 |   1 |   96.0 |
       Dungeon |     96 |     96 |      0 |      0 |     28 |   1 |   96.0 |
               +--------+--------+--------+--------+--------+-----+--------+

Top non-repeatable levels by time:
     D:1: 96 daAuts
